 Dungeon Crawl Stone Soup version 0.21-a0-264-g3e31e41 (console) character file.

1952 Akra the Jinx (level 8, 0/36 HPs)
             Began as a Spriggan Enchanter on Sept 9, 2017.
             Was an Initiate of Gozag.
             Succumbed to a hornet's poison
             ... on level 7 of the Dungeon.
             The game lasted 00:29:27 (8980 turns).

Akra the Jinx (Spriggan Enchanter)                  Turns: 8980, Time: 00:29:28

Health: 0/36       AC:  2    Str:  6    XL:     8   Next: 99%
Magic:  13/13      EV: 18    Int: 16    God:    Gozag
Gold:   226        SH:  0    Dex: 17    Spells: 0/12 levels left

rFire    . . .     SeeInvis +   n - +3 dagger
rCold    . . .     Gourm    .   (shield restricted)
rNeg     . . .     Faith    .   b - +0 robe
rPois    .         Spirit   .   (helmet restricted)
rElec    .         Reflect  .   (no cloak)
rCorr    .         Harm     .   (gloves unavailable)
MR       +....                  (boots unavailable)
Stlth    ++++......             (no amulet)
HPRegen  0.12/turn              (no ring)
MPRegen  0.13/turn              (no ring)

@: lethally poisoned (0 -> -16), about to teleport, gold aura, slowed, quick
A: unfitting armour, see invisible, herbivore 3, speed 3, slow metabolism 2
a: Potion Petition, Call Merchant, Bribe Branch, Renounce Religion


You were on level 7 of the Dungeon.
You worshipped Gozag.
Gozag was aware of your devotion.
You were not hungry.

You visited 2 branches of the dungeon, and saw 8 of its levels.

You collected 319 gold pieces.
You paid 93 gold pieces to Gozag.

Inventory:

Hand Weapons
 a - a +1 dagger
 e - a +1 dagger of protection
 n - a +3 dagger (weapon)
 u - a +0 dagger of speed
Armour
 b - a +0 robe (worn)
Jewellery
 t - a cursed ring of teleportation
 v - an uncursed amulet of guardian spirit {unknown}
Wands
 k - a wand of random effects (35/48)
Scrolls
 f - 5 scrolls of remove curse
 o - a scroll of teleportation
 q - a scroll of magic mapping
 r - a scroll of fog
Potions
 d - a potion of magic {unknown}
 g - a potion of brilliance
 h - 3 potions of lignification
 l - 2 potions of agility
 p - a potion of invisibility
 s - a potion of berserk rage {unknown}
Books
 c - a book of Maledictions

   Spells                             Type                      Level
   a - Corona                         Hexes                        1
   b - Ensorcelled Hibernation        Hexes/Ice                    2
   c - Confuse                        Hexes                        3
   d - Tukima's Dance                 Hexes                        3
   e - Dazzling Spray                 Conjuration/Hexes            3
 m - a book of Necromancy

   Spells                             Type                      Level
   a - Pain                           Necromancy                   1
   b - Animate Skeleton               Necromancy                   1
   c - Vampiric Draining              Necromancy                   3
   d - Regeneration                   Charms/Necromancy            3
   e - Animate Dead                   Necromancy                   4
   f - Control Undead                 Necromancy                   4
Comestibles
 i - 2 royal jellies
 j - 8 fruits
 w - 2 bread rations


   Skills:
 + Level 7.1 Short Blades
 - Level 3.0 Dodging
 - Level 8.0 Stealth
 - Level 2.6 Spellcasting
 - Level 11.0 Hexes


You couldn't memorise any spells.
You knew the following spells:

 Your Spells              Type           Power        Failure   Level  Hunger
a - Corona                Hex            #####..      1%          1    #......
b - Ensorcelled Hibernat  Hex/Ice        ###...       3%          2    ##.....
c - Confuse               Hex            #####...     1%          3    ###....
d - Tukima's Dance        Hex            #####...     1%          3    ###....
e - Dazzling Spray        Conj/Hex       ###...       6%          3    ###....


Dungeon Overview and Level Annotations

Branches:
Dungeon (7/15)             Temple (1/1) D:4

Altars:
Ashenzari
Dithmenos
Elyvilon
Fedhas
Gozag
Hepliaklqana
Kikubaaqudgha
Nemelex Xobeh
Okawaru
Qazlal
Ru
Sif Muna
Trog
Uskayaw
Vehumet
Wu Jian
Xom

Annotations:
D:6 Prince Ribbit


Innate Abilities, Weirdness & Mutations

You are very small and have problems with some larger weapons.
You are too small for most types of armour.
You have supernaturally acute eyesight. (SInv)
You are a herbivore.
You cover ground extremely quickly.
You need consume almost no food.


Message History

You now have 226 gold pieces (gained 8).
o - 2 scrolls of teleportation (gained 1)
A hornet comes into view.
The hornet buzzes angrily.
The hornet stings you.
You suddenly lose the ability to move!
The hornet stings you!
You feel yourself slow down. The hornet stings you.
You are poisoned.
You feel as though you will be slow longer.
You feel sick. The hornet stings you!
* * * LOW HITPOINT WARNING * * *
You are more poisoned.
You feel as though you will be slow longer.
You can move again.
Okay, then.
* * * LOW HITPOINT WARNING * * *
You feel sick. The hornet is distracted by your gold.
As you read the scroll of teleportation, it crumbles to dust.
You feel strangely unstable.
You die...
Your body crumbles into a pile of gold.

#....>#.##..####.#
#####.#.##..#
#.#.....#
#.####..#
#.......#
######..#.#..#
.............##
#####..#.#......
##......####
#####.######
#y.@..# #.##### #.
.. ###


You could see a hornet (unaware).

Vanquished Creatures
  Grinder (D:4)
  The ghost of Pnyx the Vexing, an amateur SpEn (D:3)
  An ice beast (D:7)
  A black bear (D:6)
  4 centaurs
  Blork the orc (D:4)
  3 bullfrogs
  A wyvern zombie (D:6)
  4 scorpions
  A crimson imp (D:6)
  A centaur zombie (D:5)
  An orc priest (D:5)
  3 orc wizards (D:6)
  4 worker ants
  2 iguanas
  Robin (D:4)
  11 adders
  2 oozes
  2 adder skeletons
  6 worms
  6 leopard geckos
  15 orcs
  2 ball pythons
  9 bats
  7 giant cockroaches
  14 goblins
  11 hobgoblins
  20 jackals
  10 kobolds
  2 quokkas
  8 frilled lizards
  A giant cockroach zombie (D:5)
  A quokka skeleton (D:4)
  8 rats
165 creatures vanquished.

Notes
Turn   | Place    | Note
-------+----------+-------------------------------------------
     0 | D:1      | Akra the Spriggan Enchanter began the quest for the Orb.
     0 | D:1      | Reached XP level 1. HP: 9/9 MP: 5/5
   400 | D:1      | Reached XP level 2. HP: 13/13 MP: 6/6
   404 | D:1      | Learned a level 2 spell: Ensorcelled Hibernation
   726 | D:1      | Reached skill level 5 in Stealth
  1401 | D:2      | Reached XP level 3. HP: 16/16 MP: 8/8
  1508 | D:2      | Found a white marble altar of Elyvilon.
  2323 | D:2      | Reached XP level 4. HP: 16/21 MP: 0/9
  2328 | D:2      | Learned a level 3 spell: Confuse
  2930 | D:3      | Noticed Pnyx's ghost (amateur SpEn)
  2957 | D:3      | Killed Pnyx's ghost
  2957 | D:3      | Reached XP level 5. HP: 18/24 MP: 1/10
  3164 | D:3      | Found a faded altar of an unknown god.
  3310 | D:3      | Noticed a hand axe
  3311 | D:3      | Noticed a hand axe
  3312 | D:3      | Found a hide-covered altar of Uskayaw.
  3711 | D:3      | Learned a level 3 spell: Tukima's Dance
  4207 | D:4      | Reached XP level 6. HP: 28/28 MP: 11/11
  4211 | D:4      | Reached skill level 5 in Short Blades
  4217 | D:4      | Noticed Grinder
  4233 | D:4      | Killed Grinder
  4233 | D:4      | Reached skill level 5 in Hexes
  4474 | D:4      | Found a staircase to the Ecumenical Temple.
  4479 | Temple   | Entered the Ecumenical Temple
  4822 | D:4      | Reached skill level 6 in Hexes
  4822 | D:4      | Reached XP level 7. HP: 30/32 MP: 7/12
  4900 | D:4      | Noticed Blork the orc
  4907 | D:4      | Killed Blork the orc
  4911 | D:4      | Noticed Robin
  5007 | D:4      | Killed Robin
  5290 | D:4      | Reached skill level 7 in Hexes
  5545 | D:5      | Entered Level 5 of the Dungeon
  5770 | D:5      | Reached skill level 8 in Hexes
  6092 | D:5      | Reached skill level 9 in Hexes
  6092 | D:5      | Reached XP level 8. HP: 29/36 MP: 8/13
  6200 | D:5      | Learned a level 3 spell: Dazzling Spray
  6663 | D:5      | Found a white marble altar of Elyvilon.
  7079 | D:5      | Found a sparkling altar of Nemelex Xobeh.
  7238 | D:6      | Reached skill level 10 in Hexes
  7309 | D:6      | Found an iron altar of Okawaru.
  7547 | D:6      | Reached skill level 11 in Hexes
  8074 | D:6      | Noticed Prince Ribbit
  8838 | D:5      | Found a radiant altar of Vehumet.
  8867 | D:7      | Found an opulent altar of Gozag.
  8876 | D:7      | Became a worshipper of Gozag Ym Sagoz the Greedy
  8973 | D:7      | Noticed a hornet
  8976 | D:7      | Paralysed by a hornet for 2 turns
  8980 | D:7      | Succumbed to a hornet's poison

Vault maps used:
D:1:      dpeg_arrival_arbitrary_c
D:2:      lemuel_doored_altar
D:3:      dancing_weapons_uskayaw, first_bread, chequers_ecumenical_altar_simple
D:4:      minmay_temple_entry_butterflies, uniq_blork_the_orc, uniq_robin,
          uniq_grinder
D:5:      lemuel_upstairs_altar, kennysheep_mini, elyvilon_altar_5
D:6:      st_stairs_10, okawaru_gym_becter, uniq_prince_ribbit1
D:7:      nicolae_gozag_cash_rules_everything_around_me, serial_glass,
          glass_columns_a, glass_columns_c
Temple:   oiseaux_autumnal_temple

Skill      XL: |  1  2  3  4  5  6  7  8 |
---------------+-------------------------+-----
Short Blades   | 2 4 5 7 |  7.1
Stealth        | 5 6 7 8 |  8.0
Hexes          | 6 9 11 | 11.0
Dodging        | |  3.0
Spellcasting   | |  2.6

Action                   |  1- 3 |  4- 6 |  7- 9 || total
-------------------------+-------+-------+-------++-------
Melee: Dagger            |   101 |    91 |   230 ||   422
 Cast: Ensorcelled Hiber |    19 |    33 |    85 ||   137
       Confuse           |       |     5 |     9 ||    14
  Use: Scroll            |     6 |     1 |    12 ||    19
       Potion            |       |       |     2 ||     2
 Stab: Sleeping          |    28 |    32 |    57 ||   117
       Confused          |       |     4 |     6 ||    10
       Distracted        |       |     1 |     1 ||     2
  Eat: Bread ration      |       |     1 |     2 ||     3
Armor: Robe              |    14 |    19 |    32 ||    65
Dodge: Dodged            |    85 |    49 |   166 ||   300

Table legend:
 A = Spawn XP
 B = Non-spawn XP
 C = Spawn XP percentage of total XP
 D = Spawn monster count
 E = Non-spawn monster count
 F = Spawn count percentage of total count
 G = Total turns spent on level
                    A         B        C        D         E        F      G
               +---------+---------+-------+---------+---------+-------+---------
         Total |       0 |    2789 |   0.0 |       0 |     165 |   0.0 |  8980
               +---------+---------+-------+---------+---------+-------+---------
           D:1 |       0 |      33 |   0.0 |       0 |      20 |   0.0 |  1288
           D:2 |       0 |      65 |   0.0 |       0 |      21 |   0.0 |  1195
           D:3 |       0 |     230 |   0.0 |       0 |      29 |   0.0 |  1535
           D:4 |       0 |     665 |   0.0 |       0 |      37 |   0.0 |  1733
           D:5 |       0 |     670 |   0.0 |       0 |      24 |   0.0 |  1208
           D:6 |       0 |     988 |   0.0 |       0 |      32 |   0.0 |  1655
           D:7 |       0 |     138 |   0.0 |       0 |       2 |   0.0 |   114
               +---------+---------+-------+---------+---------+-------+---------
